APPY
JOHNSON CITY SOILDERS @ MARION METS
06/19/1982
 
TOP OF THE 1ST
Johnson City Soilders batting - Pitching for Marion Mets : RHP Chuck Mathison
Pitching: RHP Chuck Mathison
Batting: RHB Victor Gonzalez 0-0: SINGLE (Line Drive, 6M, EV 103.8 MPH)
Batting: RHB Alejandro Sanchez 0-0: Ball
1-0: Ball
2-0: Ball
3-0: Called Strike
3-1: Foul Ball, location: 2F
3-2: Base on Balls
Victor Gonzalez to second
Batting: RHB Keith Mucha 0-0: Grounds into double play, 5-4-3 (Groundball, 56, EV 103.1 MPH)
Victor Gonzalez to third
Batting: SHB Jeff Trout 0-0: Ball
1-0: Called Strike
1-1: Fly out, F8 (Flyball, 8LM, EV 88.1 MPH)
Top of the 1st over - 0 runs, 1 hit, 0 errors, 1 left on base; Johnson City 0 - Marion 0
BOTTOM OF THE 1ST
Marion Mets batting - Pitching for Johnson City Soilders : RHP Mike Skinner
Pitching: RHP Mike Skinner
Batting: LHB Ricky de la Cruz 0-0: Ball
1-0: Ground out 4-3 (Groundball, 4, EV 84.4 MPH)
Batting: LHB Jeff Schulz 0-0: Ball
1-0: Swinging Strike
1-1: Called Strike
1-2: Foul Ball, location: 2F
1-2: Ball
2-2: SINGLE (Groundball, P, EV 82.5 MPH) (infield hit)
Batting: RHB Rey Quinones 0-0: Ball
1-0: Ball
2-0: Foul Ball, location: 2F
2-1: Foul Ball, location: 2F
2-2: Ball
3-2: Base on Balls
Jeff Schulz to second
Batting: LHB Christopher Chapman 0-0: Called Strike
0-1: Foul Ball, location: 2F
0-2: SINGLE (Line Drive, 4MD, EV 105.0 MPH)
Jeff Schulz to third
Rey Quinones to second
Runner from 3rd tries for Home, SAFE, throw by CF to home
Batting: RHB Andy Allanson 0-0: Ball
1-0: Foul Ball, location: 2F
1-1: Ball
2-1: Ball
3-1: SINGLE (Groundball, 56D, EV 96.3 MPH)
Rey Quinones to third
Christopher Chapman to second
Runner from 3rd tries for Home, SAFE, throw by LF to home
Batting: RHB Wayne Harrison 0-0: Ball
1-0: Ball
2-0: Ball
3-0: Foul Ball, location: 2F
3-1: Called Strike
3-2: SINGLE (Flyball, 34D, EV 88.8 MPH)
Christopher Chapman to third
Andy Allanson to second
Batting: LHB Lorenzo Castillo 0-0: Ball
1-0: Foul Ball, location: 2F
1-1: Foul Ball, location: 2F
1-2: Ball
2-2: Strikes out swinging
Batting: SHB Sherman Webb 0-0: Ground out 4-3 (Groundball, 34D, EV 102.5 MPH)
Bottom of the 1st over - 2 runs, 4 hits, 0 errors, 3 left on base; Johnson City 0 - Marion 2
TOP OF THE 2ND
Johnson City Soilders batting - Pitching for Marion Mets : RHP Chuck Mathison
Batting: RHB Eugene Steinbach 0-0: Foul Ball, location: 2F
0-1: Foul Ball, location: 2F
0-2: Ball
1-2: Ball
2-2: Foul Ball, location: 2F
2-2: Ball
3-2: Fly out, F9 (Flyball, 89S, EV 86.3 MPH)
Batting: RHB Thomas Mitchell 0-0: Ball
1-0: Ball
2-0: Called Strike
2-1: Ground out 4-3 (Groundball, 4, EV 85.6 MPH)
Batting: RHB Phillip Arp 0-0: Called Strike
0-1: Ball
1-1: Foul Ball, location: 2F
1-2: Ball
2-2: Fly out, F3 (Popup, 3, EV 69.4 MPH)
Top of the 2nd over - 0 runs, 0 hits, 0 errors, 0 left on base; Johnson City 0 - Marion 2
BOTTOM OF THE 2ND
Marion Mets batting - Pitching for Johnson City Soilders : RHP Mike Skinner
Batting: RHB Jose Maldonado 0-0: Ball
1-0: Foul Ball, location: 2F
1-1: Swinging Strike
1-2: Fly out, F8 (Flyball, 8RS, EV 90.6 MPH)
Batting: LHB Ricky de la Cruz 0-0: Ball
1-0: Ball
2-0: Foul Ball, location: 2F
2-1: Foul Ball, location: 2F
2-2: Foul Ball, location: 2F
2-2: SINGLE (Groundball, 25, EV 70.0 MPH) (infield hit)
Batting: LHB Jeff Schulz 0-0: Called Strike
Ricky de la Cruz is caught stealing 2nd base 2-6
0-1: Fly out, F8 (Flyball, 8RXD, EV 98.1 MPH)
Bottom of the 2nd over - 0 runs, 1 hit, 0 errors, 0 left on base; Johnson City 0 - Marion 2
TOP OF THE 3RD
Johnson City Soilders batting - Pitching for Marion Mets : RHP Chuck Mathison
Batting: RHB Andres Mercado 0-0: Called Strike
0-1: DOUBLE (Line Drive, 7LS, EV 95.6 MPH)
Batting: SHB Victor Hernandez 0-0: TRIPLE (Flyball, 89XD, EV 101.9 MPH)
Andres Mercado scores
Batting: RHB Victor Gonzalez 0-0: Foul Ball, location: 2F
0-1: Ball
1-1: Swinging Strike
1-2: Strikes out swinging
Batting: RHB Alejandro Sanchez 0-0: Ball
1-0: Fly out, F8 (Flyball, 8RD, EV 93.8 MPH)
Runner from 3rd tags up, SCORES, no throw by CF
Batting: RHB Keith Mucha 0-0: Foul Ball, location: 2F
0-1: Ball
1-1: Called Strike
1-2: Ball
2-2: Foul Ball, location: 2F
2-2: Ball
3-2: Base on Balls
Batting: SHB Jeff Trout 0-0: Ball
1-0: Ground out 4-3 (Groundball, 4, EV 76.3 MPH)
Top of the 3rd over - 2 runs, 2 hits, 0 errors, 1 left on base; Johnson City 2 - Marion 2
BOTTOM OF THE 3RD
Marion Mets batting - Pitching for Johnson City Soilders : RHP Mike Skinner
Batting: RHB Rey Quinones 0-0: Ball
1-0: Foul Ball, location: 2F
1-1: Ground out 6-3 (Groundball, 6, EV 93.1 MPH)
Batting: LHB Christopher Chapman 0-0: Fly out, F5 (Popup, 5F, EV 64.4 MPH)
Batting: RHB Andy Allanson 0-0: Called Strike
0-1: Swinging Strike
0-2: Foul Ball, location: 2F
0-2: SINGLE (Groundball, 6M, EV 101.3 MPH) (infield hit)
Batting: RHB Wayne Harrison 0-0: Ball
Wild Pitch!
Andy Allanson to second
1-0: Foul Ball, location: 2F
1-1: Foul Ball, location: 2F
1-2: Ball
2-2: Ball
3-2: Base on Balls
Batting: LHB Lorenzo Castillo 0-0: Ball
1-0: Ball
2-0: Foul Ball, location: 2F
2-1: Foul Ball, location: 2F
2-2: Foul Ball, location: 2F
2-2: Ball
3-2: Ground out 1-3 (Groundball, 13, EV 70.0 MPH)
Bottom of the 3rd over - 0 runs, 1 hit, 0 errors, 2 left on base; Johnson City 2 - Marion 2
TOP OF THE 4TH
Johnson City Soilders batting - Pitching for Marion Mets : RHP Chuck Mathison
Batting: RHB Eugene Steinbach 0-0: Ball
1-0: Called Strike
1-1: Called Strike
1-2: Ball
2-2: Strikes out swinging
Batting: RHB Thomas Mitchell 0-0: Called Strike
0-1: Foul Ball, location: 2F
0-2: Foul Ball, location: 2F
0-2: Ball
1-2: Ball
2-2: Strikes out swinging
Batting: RHB Phillip Arp 0-0: Ball
1-0: Ball
2-0: Called Strike
2-1: Ball
3-1: Ground out 4-3 (Groundball, 4, EV 86.3 MPH)
Top of the 4th over - 0 runs, 0 hits, 0 errors, 0 left on base; Johnson City 2 - Marion 2
BOTTOM OF THE 4TH
Marion Mets batting - Pitching for Johnson City Soilders : RHP Mike Skinner
Batting: SHB Sherman Webb 0-0: Ball
1-0: Foul Ball, location: 2F
1-1: Ball
2-1: Ball
3-1: Called Strike
3-2: Ground out 5-3 (Groundball, 5, EV 83.1 MPH)
Batting: RHB Jose Maldonado 0-0: Foul Ball, location: 2F
0-1: Ball
1-1: Called Strike
1-2: Ball
2-2: SINGLE (Line Drive, 56, EV 103.1 MPH)
Batting: LHB Ricky de la Cruz 0-0: Ball
1-0: Fly out, F8 (Flyball, 78XD, EV 93.8 MPH)
Runner from 1st tags up, SAFE at 2nd
Batting: LHB Jeff Schulz 0-0: Called Strike
0-1: Ball
1-1: SINGLE (Line Drive, 8LS, EV 88.1 MPH)
Jose Maldonado to third
Runner from 3rd tries for Home, SAFE, throw by CF to home
Jeff Schulz to second
Batting: RHB Rey Quinones 0-0: Called Strike
0-1: Called Strike
0-2: Strikes out looking
Bottom of the 4th over - 1 run, 2 hits, 0 errors, 1 left on base; Johnson City 2 - Marion 3
TOP OF THE 5TH
Johnson City Soilders batting - Pitching for Marion Mets : RHP Chuck Mathison
Batting: RHB Andres Mercado 0-0: Called Strike
0-1: SINGLE (Groundball, 6MD, EV 96.9 MPH)
Batting: SHB Victor Hernandez 0-0: Foul Ball, location: 2F
0-1: Ball
1-1: Ball
2-1: Ball
3-1: Called Strike
3-2: Strikes out swinging
Batting: RHB Victor Gonzalez 0-0: Ball
1-0: Foul Ball, location: 2F
1-1: Fly out, F8 (Flyball, 8LS, EV 86.9 MPH)
Batting: RHB Alejandro Sanchez 0-0: Called Strike
0-1: Foul Ball, location: 2F
0-2: Strikes out swinging
Top of the 5th over - 0 runs, 1 hit, 0 errors, 1 left on base; Johnson City 2 - Marion 3
BOTTOM OF THE 5TH
Marion Mets batting - Pitching for Johnson City Soilders : RHP Mike Skinner
Batting: LHB Christopher Chapman 0-0: Called Strike
0-1: Ball
1-1: Ball
2-1: Called Strike
2-2: Ball
3-2: DOUBLE (Line Drive, 78XD, EV 103.8 MPH)
Batting: RHB Andy Allanson 0-0: Ball
1-0: Called Strike
1-1: Fly out, F1 (Line Drive, P, EV 67.5 MPH)
Batting: RHB Wayne Harrison 0-0: Called Strike
0-1: SINGLE (Line Drive, 9S, EV 110.0 MPH)
Christopher Chapman to third
Runner from 3rd tries for Home, SAFE, throw by RF to home
Batting: LHB Lorenzo Castillo 0-0: Ball
1-0: Fly out, F8 (Flyball, 78S, EV 88.8 MPH)
Batting: SHB Sherman Webb 0-0: Called Strike
0-1: Ball
1-1: Ball
2-1: Ball
3-1: Base on Balls
Wayne Harrison to second
Batting: RHB Jose Maldonado 0-0: Ground out 4-3 (Groundball, 4S, EV 71.9 MPH)
Bottom of the 5th over - 1 run, 2 hits, 0 errors, 2 left on base; Johnson City 2 - Marion 4
TOP OF THE 6TH
Johnson City Soilders batting - Pitching for Marion Mets : RHP Chuck Mathison
Batting: RHB Keith Mucha 0-0: Ball
1-0: Called Strike
1-1: Ball
2-1: Ball
3-1: Base on Balls
Batting: SHB Jeff Trout 0-0: Ball
1-0: Foul Ball, location: 2F
Pickoff Throw to First - Out! 1-3
1-1: Ball
2-1: Foul Ball, location: 2F
2-2: SOLO HOME RUN (Flyball, 89XD, EV 106.9 MPH), Distance : 395 ft
Batting: RHB Eugene Steinbach 0-0: Ball
1-0: Ball
2-0: Fly out, F8 (Flyball, 8LD, EV 98.8 MPH)
Batting: RHB Thomas Mitchell 0-0: Ball
1-0: Ball
2-0: Foul Ball, location: 2F
2-1: Foul Ball, location: 2F
2-2: Foul Ball, location: 2F
2-2: Fly out, F8 (Flyball, 89M, EV 88.1 MPH)
Top of the 6th over - 1 run, 1 hit, 0 errors, 0 left on base; Johnson City 3 - Marion 4
BOTTOM OF THE 6TH
Marion Mets batting - Pitching for Johnson City Soilders : RHP Mike Skinner
Batting: LHB Ricky de la Cruz 0-0: Ball
1-0: Swinging Strike
1-1: Ground out U3 (Groundball, 3, EV 87.5 MPH)
Batting: LHB Jeff Schulz 0-0: Ground out 6-3 (Groundball, 6, EV 106.9 MPH)
Batting: RHB Rey Quinones 0-0: Ball
1-0: SINGLE (Line Drive, 56, EV 94.4 MPH)
Batting: LHB Christopher Chapman 0-0: Ball
1-0: Called Strike
Rey Quinones steals 2nd base
1-1: Fly out, F8 (Flyball, 8LM, EV 86.9 MPH)
Bottom of the 6th over - 0 runs, 1 hit, 0 errors, 1 left on base; Johnson City 3 - Marion 4
TOP OF THE 7TH
Johnson City Soilders batting - Pitching for Marion Mets : RHP Chuck Mathison
Batting: RHB Phillip Arp 0-0: Called Strike
0-1: Called Strike
0-2: SINGLE (Line Drive, 89S, EV 102.5 MPH)
Pinch Hitting: LHB Steve Moses 0-0: Ball
1-0: Called Strike
1-1: SINGLE (Flyball, 8RS, EV 90.6 MPH)
Phillip Arp to second
Pinch Hitting: SHB Claudio Brito 0-0: Ball
1-0: Ball
2-0: Foul Ball, location: 2F
2-1: Ball
3-1: Foul Ball, location: 2F
3-2: DOUBLE (Line Drive, 5D, EV 98.8 MPH)
Phillip Arp scores
Steve Moses to third
Batting: RHB Victor Gonzalez 0-0: SINGLE (Line Drive, 8RS, EV 104.4 MPH)
Steve Moses scores
Claudio Brito to third
Pitching: RHP Tim Reid
Batting: RHB Alejandro Sanchez 0-0: Ball
1-0: Ball
2-0: Ball
3-0: Called Strike
3-1: Fly out, F7 (Flyball, 7D, EV 98.1 MPH)
Runner from 3rd tags up, SCORES, no throw by LF
Batting: RHB Keith Mucha 0-0: Ball
Victor Gonzalez is caught stealing 2nd base 2-4
1-0: Ball
2-0: Ball
3-0: Base on Balls
Batting: SHB Jeff Trout 0-0: Fly out, F8 (Flyball, 8RS, EV 84.4 MPH)
Top of the 7th over - 3 runs, 4 hits, 0 errors, 1 left on base; Johnson City 6 - Marion 4
BOTTOM OF THE 7TH
Marion Mets batting - Pitching for Johnson City Soilders : RHP Mike Skinner
Now at 3B: Rich Amaral
Now at SS: Juan Pacho
Batting: RHB Andy Allanson 0-0: Called Strike
0-1: Fly out, F2 (Popup, 2RF, EV 87.5 MPH)
Batting: RHB Wayne Harrison 0-0: Called Strike
0-1: Ball
1-1: Ball
2-1: DOUBLE (Line Drive, 9LS, EV 92.5 MPH)
Batting: LHB Lorenzo Castillo 0-0: Called Strike
0-1: Ground out 4-3 (Groundball, 4, EV 79.4 MPH)
Wayne Harrison to third
Batting: SHB Sherman Webb 0-0: Called Strike
0-1: Swinging Strike
0-2: Foul Ball, location: 2F
0-2: Ball
1-2: Ball
2-2: Ball
3-2: Base on Balls
Pinch Hitting: LHB Victor Madden 0-0: Swinging Strike
0-1: Swinging Strike
0-2: Ball
1-2: Strikes out looking
Bottom of the 7th over - 0 runs, 1 hit, 0 errors, 2 left on base; Johnson City 6 - Marion 4
TOP OF THE 8TH
Johnson City Soilders batting - Pitching for Marion Mets : RHP Tim Reid
Now in LF: Francisco Jimenez
Batting: RHB Eugene Steinbach 0-0: Ball
1-0: Fly out, F8 (Flyball, 8RS, EV 83.8 MPH)
Batting: RHB Thomas Mitchell 0-0: Ball
1-0: Called Strike
1-1: Ball
2-1: Fly out, F4 (Flyball, 34D, EV 88.1 MPH)
Batting: RHB Phillip Arp 0-0: Ground out 4-3 (Groundball, 4, EV 103.8 MPH)
Top of the 8th over - 0 runs, 0 hits, 0 errors, 0 left on base; Johnson City 6 - Marion 4
BOTTOM OF THE 8TH
Marion Mets batting - Pitching for Johnson City Soilders : RHP Mike Skinner
Batting: LHB Ricky de la Cruz 0-0: Swinging Strike
0-1: Ball
1-1: Fly out, F5 (Popup, 5S, EV 77.5 MPH)
Batting: LHB Jeff Schulz 0-0: Fly out, F8 (Flyball, 8LXD, EV 107.5 MPH)
Batting: RHB Rey Quinones 0-0: Ground out 4-3 (Groundball, 4, EV 105.6 MPH)
Bottom of the 8th over - 0 runs, 0 hits, 0 errors, 0 left on base; Johnson City 6 - Marion 4
TOP OF THE 9TH
Johnson City Soilders batting - Pitching for Marion Mets : RHP Tim Reid
Batting: RHB Juan Pacho 0-0: Foul Ball, location: 2F
0-1: SINGLE (Groundball, 56D, EV 104.4 MPH)
Batting: RHB Rich Amaral 0-0: Called Strike
0-1: Ball
1-1: Swinging Strike
1-2: Ball
2-2: Foul Ball, location: 2F
2-2: Foul Ball, location: 2F
2-2: Foul Ball, location: 2F
2-2: Foul Ball, location: 2F
2-2: Ball
3-2: Strikes out looking
Batting: RHB Victor Gonzalez 0-0: Ball
1-0: Ball
2-0: Ball
3-0: Called Strike
3-1: Called Strike
3-2: Fly out, F8 (Flyball, 8LXD, EV 95.0 MPH)
Batting: RHB Alejandro Sanchez 0-0: Foul Ball, location: 2F
0-1: Foul Ball, location: 2F
0-2: Foul Ball, location: 2F
0-2: Foul Ball, location: 2F
0-2: Ball
1-2: Foul Ball, location: 2F
1-2: Ball
2-2: Ball
3-2: Ground out 3-1 (Groundball, 34S, EV 85.0 MPH)
Top of the 9th over - 0 runs, 1 hit, 0 errors, 1 left on base; Johnson City 6 - Marion 4
BOTTOM OF THE 9TH
Marion Mets batting - Pitching for Johnson City Soilders : RHP Mike Skinner
Pitching: RHP Charlie Mitchell
Batting: LHB Christopher Chapman 0-0: Called Strike
0-1: Fly out, F3 (Line Drive, 3, EV 65.6 MPH)
Batting: RHB Andy Allanson 0-0: Foul Ball, location: 2F
0-1: Foul Ball, location: 2F
0-2: Ball
1-2: Foul Ball, location: 2F
1-2: Foul Ball, location: 2F
1-2: Strikes out swinging
Batting: RHB Wayne Harrison 0-0: Ball
1-0: Ground out 4-3 (Groundball, 34, EV 84.4 MPH)
Bottom of the 9th over - 0 runs, 0 hits, 0 errors, 0 left on base; Johnson City 6 - Marion 4
Friday, August 7th, 2020 - OOTP Baseball 21.5 Build 76